Map: [ESL] Site Delta

Players

Lambo - Winner!

  • Race: Zerg Zerg
  • Spawn Location: 11:00

uThermal

  • Race: Terran Terran
  • Spawn Location: 5:00

Event: ESL SC2 Masters 2024 Spring (Regional)

VOD

Have the link to the VOD?

Description

Time

  • Played on: April 16, 2024, 11:51 a.m.
  • Length: 6:52

All games in this series

Show
View Real Time Build Order
Export as new Build Order

Lambo Zerg - Winner!

Build Orders: Pool First 

Get SALT Encoding   

  12  0:00  Drone  
  13  0:13  Overlord  
  13  0:17  Drone  
  14  0:31  Drone x2  
  17  0:35  Drone  
  17  0:43  Spawning Pool  
  17  0:48  Drone  
  17  1:07  Hatchery  
  17  1:10  Drone  
  17  1:13  Drone  
  17  1:16  Extractor  
  17  1:30  Zergling x4, Queen  
  21  1:39  Overlord  
  21  1:50  Drone  
  22  2:02  Drone  
  22  2:06  Queen  
  25  2:13  Drone  
  26  2:19  Hatchery  
  26  2:20  Drone  
  26  2:23  Drone  
  27  2:30  Drone  
  27  2:33  Drone  
  29  2:41  Drone, Queen  
  32  2:45  Drone  
  32  2:46  Drone  
  32  2:50  Overlord  
  34  2:56  Metabolic Boost  
  35  2:58  Drone  
  35  3:03  Drone  
  36  3:10  Drone x3  
  39  3:21  Overlord, Queen  
  39  3:22  Queen  
  39  3:24  Drone  
  44  3:31  Drone x2  
  44  3:32  Drone x2  
  48  3:37  Drone x2  
  49  3:43  Queen  
  49  3:45  Drone x2  
  53  3:48  Drone  
  53  3:52  Drone x3  
  53  3:53  Overlord  
  57  3:56  Overlord  
  57  4:10  Overlord  
  57  4:11  Queen x2  
  57  4:13  Zergling x6  
  57  4:15  Overlord  
  64  4:18  Zergling x4  
  66  4:25  Zergling x4  
  66  4:26  Drone  
  69  4:32  Zergling x12, Spore Crawler  
  69  4:36  Zergling x6  
  77  4:40  Zergling x4  
  77  4:42  Drone  
  77  4:43  Queen  
  81  4:46  Drone x2  
  82  4:54  Baneling Nest, Queen  
  82  4:57  Spore Crawler, Drone  
  82  4:58  Drone x2  
  86  5:00  Drone  
  86  5:01  Drone  
  86  5:05  Zergling x2  
  86  5:06  Queen  
  90  5:08  Overlord  
  90  5:11  Spore Crawler  
  89  5:14  Zergling x2  
  90  5:29  Zergling x16  
  98  5:35  Overlord  
  98  5:37  Baneling x8  
  98  5:38  Overlord  
  98  5:40  Overlord  
  98  5:42  Overlord  
  98  5:46  Overlord  
  98  5:48  Overlord  
  98  5:51  Overlord  
  98  5:52  Lair  
  98  5:53  Queen x2  
  98  5:55  Drone x2, Extractor  
  98  5:57  Drone x2  
  105  5:58  Drone  
  105  5:59  Drone  
  105  6:00  Drone  
  105  6:02  Drone  
  105  6:03  Drone  
  110  6:07  Drone x4  
  110  6:10  Drone  
  115  6:15  Drone  
  116  6:19  Drone x2  
  116  6:20  Extractor x2  
  116  6:21  Roach Warren  
  116  6:25  Baneling x4  
  115  6:30  Zergling x2, Spore Crawler  
  115  6:31  Zergling x10  
Show
View Real Time Build Order
Export as new Build Order

uThermal Terran 

Build Orders:  

Get SALT Encoding   

  12  0:00  SCV  
  13  0:12  SCV  
  14  0:19  Supply Depot  
  14  0:24  SCV  
  15  0:40  SCV  
  15  0:41  Barracks  
  16  0:44  Refinery  
  16  0:52  SCV  
  17  1:04  SCV  
  18  1:16  SCV  
  19  1:28  Barracks Reactor  
  19  1:29  Orbital Command  
  19  1:39  Command Center  
  19  1:53  Supply Depot  
  19  1:54  SCV  
  20  2:05  Marine x2  
  20  2:07  Factory  
  21  2:10  SCV  
  22  2:22  SCV, Refinery  
  23  2:23  Marine x2  
  25  2:34  SCV  
  26  2:41  Marine x2  
  28  2:46  SCV  
  29  2:54  Starport, Orbital Command  
  29  2:59  Marine  
  29  3:01  Factory Reactor, Marine  
  31  3:05  SCV  
  32  3:16  Marine  
  32  3:18  SCV  
  32  3:19  Marine  
  35  3:21  SCV  
  35  3:25  Supply Depot  
  36  3:30  SCV  
  36  3:33  SCV  
  38  3:34  Marine  
  38  3:37  Marine  
  40  3:42  SCV, Medivac x2  
  40  3:45  SCV  
  40  3:47  Widow Mine  
  48  3:52  Supply Depot, Marine  
  48  3:55  Marine  
  50  3:56  SCV  
  50  3:58  SCV  
  52  4:03  Fusion Core  
  52  4:08  SCV  
  53  4:10  SCV  
  53  4:11  Supply Depot  
  53  4:16  Marine  
  53  4:17  Marine  
  55  4:20  Hellion  
  55  4:21  Hellion  
  61  4:24  SCV  
  61  4:25  SCV  
  61  4:29  Starport Tech Lab  
  61  4:31  Supply Depot  
  62  4:36  SCV  
  62  4:37  SCV  
  64  4:41  Hellion  
  64  4:43  Hellion  
  66  4:48  SCV, Supply Depot  
  67  4:59  Supply Depot  
  67  5:01  Battlecruiser  
  67  5:03  Hellion  
  67  5:04  Hellion  
  67  5:06  SCV  
  78  5:09  SCV  
  78  5:10  Supply Depot, Marine  
  78  5:11  Marine  
  81  5:16  Refinery  
  81  5:18  SCV  
  82  5:30  Marine x2  
  82  5:32  Armory, Cyclone  
  82  5:33  Supply Depot  
  82  5:34  Cyclone  
  88  5:37  SCV x2  
  90  5:43  Supply Depot  
  90  5:49  SCV x2  
  92  5:53  Supply Depot, Marine x2  
  94  6:01  SCV x2  
  96  6:05  Hellion  
  96  6:06  Hellion  
  106  6:26  SCV, Hellion  
  106  6:28  Hellion  
  106  6:30  SCV  
Tags
 
Add a new tag
Caveats
  • Supply blocks, unpowered buildings, or Contaminate may cause inaccurate times.
  • Supply counts are checked every 10 seconds.